Map: [ESL] Hard Lead

Players

MaNa

  • Race: Protoss Protoss
  • Spawn Location: 11:00

HeroMarine - Winner!

  • Race: Terran Terran
  • Spawn Location: 5:00

Event: ESL SC2 Masters 2023 Winter (Regional)

VOD

Have the link to the VOD?

Description

Time

  • Played on: Nov. 11, 2023, 11:35 a.m.
  • Length: 7:23

All games in this series

Show
View Real Time Build Order
Export as new Build Order

MaNa Protoss 

Build Orders: 1 Gate Expand, Blink Stalkers, Colossus Rush 

Get SALT Encoding   

  12  0:00  Probe  
  13  0:12  Probe  
  14  0:18  Pylon  
  14  0:26  Probe (Chrono Boost)  
  15  0:36  Gateway  
  15  0:38  Probe (Chrono Boost)  
  16  0:43  Probe (Chrono Boost)  
  16  0:46  Assimilator  
  17  0:53  Probe  
  18  1:05  Probe  
  19  1:17  Probe  
  20  1:23  Cybernetics Core  
  20  1:31  Nexus  
  20  1:34  Probe  
  21  1:42  Pylon  
  21  1:48  Assimilator  
  21  1:50  Probe  
  22  1:57  Adept (Chrono Boost)  
  24  2:02  Probe, Warp Gate  
  25  2:16  Probe  
  25  2:17  Adept (Chrono Boost)  
  28  2:24  Twilight Council  
  28  2:28  Probe  
  29  2:40  Probe  
  29  2:41  Shield Battery  
  29  2:44  Stalker  
  32  2:46  Probe  
  33  2:52  Probe  
  34  3:01  Gateway  
  34  3:03  Probe  
  34  3:05  Probe  
  36  3:10  Blink (Chrono Boost)  
  36  3:15  Probe  
  36  3:17  Probe  
  38  3:27  Probe  
  38  3:29  Robotics Facility  
  38  3:30  Probe  
  40  3:39  Probe  
  41  3:42  Probe  
  41  3:47  Pylon  
  42  3:49  Stalker  
  42  3:52  Probe  
  42  3:54  Probe  
  46  3:57  Assimilator  
  46  3:58  Pylon  
  46  4:05  Probe  
  46  4:06  Stalker  
  46  4:08  Probe  
  46  4:09  Assimilator  
  50  4:15  Stalker  
  50  4:18  Probe  
  50  4:19  Observer (Chrono Boost)  
  50  4:20  Probe  
  53  4:25  Pylon  
  53  4:28  Gateway  
  53  4:29  Robotics Bay  
  52  4:41  Stalker  
  52  4:42  Stalker  
  56  4:45  Probe  
  56  4:47  Probe  
  58  4:56  Immortal (Chrono Boost)  
  58  4:58  Probe  
  63  5:04  Probe  
  64  5:08  Sentry  
  64  5:09  Pylon  
  64  5:10  Probe  
  67  5:14  Observer  
  67  5:15  Pylon  
  67  5:20  Probe  
  68  5:22  Probe  
  68  5:24  Colossus (Chrono Boost)  
  75  5:32  Probe  
  75  5:45  Nexus  
  75  5:46  Probe  
  75  5:47  Probe  
  76  5:57  Robotics Facility  
  76  5:59  Probe  
  77  6:10  Stalker  
  79  6:11  Stalker  
  79  6:16  Colossus (Chrono Boost), Pylon  
  80  6:25  Shield Battery  
  86  6:32  Shield Battery  
  86  6:34  Probe x2, Pylon  
  88  6:41  Zealot x2  
  88  6:46  Probe  
  92  6:47  Probe  
  90  6:58  Probe  
  90  6:59  Probe  
  90  7:04  Shield Battery  
  88  7:10  Zealot, Probe, Stalker x2  
Show
View Real Time Build Order
Export as new Build Order

HeroMarine Terran - Winner!

Build Orders: Cyclone Opening 

Get SALT Encoding   

  12  0:00  SCV  
  13  0:12  SCV  
  14  0:16  Supply Depot  
  14  0:24  SCV  
  15  0:38  SCV  
  15  0:39  Barracks  
  15  0:42  Refinery  
  16  0:50  SCV  
  16  0:52  Refinery  
  17  1:02  SCV  
  18  1:14  SCV  
  19  1:25  Reaper  
  19  1:26  Orbital Command  
  19  1:28  Supply Depot  
  20  1:39  Factory  
  20  1:52  SCV  
  21  1:58  Reaper  
  22  2:04  SCV  
  23  2:15  Command Center  
  23  2:17  SCV  
  26  2:26  Cyclone  
  26  2:29  SCV  
  27  2:31  Barracks Reactor  
  27  2:36  Supply Depot  
  27  2:41  SCV  
  28  2:50  Starport  
  28  2:53  SCV  
  29  2:59  Widow Mine  
  31  3:05  SCV  
  31  3:09  Marine x2  
  34  3:17  SCV  
  35  3:20  Widow Mine  
  37  3:27  Marine x2  
  37  3:28  Medivac  
  37  3:30  SCV  
  42  3:37  Orbital Command  
  42  3:42  Factory Tech Lab, SCV  
  42  3:45  Marine x2  
  45  3:54  SCV  
  46  3:56  Barracks, Supply Depot  
  46  3:58  Starport Tech Lab  
  46  4:03  SCV  
  46  4:04  Siege Tank  
  46  4:06  SCV  
  51  4:12  Marine x2  
  51  4:15  SCV  
  54  4:18  Raven, SCV  
  54  4:21  Supply Depot  
  56  4:27  SCV  
  56  4:30  SCV  
  58  4:32  Bunker  
  58  4:33  Marine x2  
  60  4:39  SCV  
  60  4:42  SCV  
  60  4:45  Refinery  
  60  4:47  Barracks  
  60  4:48  Engineering Bay  
  60  4:51  Siege Tank, SCV  
  64  4:54  SCV  
  64  4:59  Marine x2  
  67  5:03  SCV, Supply Depot  
  67  5:04  Supply Depot  
  67  5:06  SCV  
  69  5:08  Stimpack  
  68  5:15  Terran Infantry Weapons Level 1  
  68  5:16  SCV  
  68  5:18  SCV  
  68  5:20  Refinery  
  70  5:25  Marine x2  
  70  5:27  Supply Depot  
  70  5:28  SCV  
  74  5:31  Starport Reactor, Marauder, SCV  
  76  5:40  SCV  
  76  5:42  Factory Reactor  
  77  5:43  SCV  
  77  5:45  Combat Shield  
  77  5:46  Marauder  
  78  5:52  Marauder, SCV  
  78  5:55  Marine x2, SCV  
  84  5:59  Supply Depot  
  84  6:01  Supply Depot  
  84  6:08  Marauder  
  84  6:09  Medivac x2  
  90  6:14  Marauder  
  90  6:15  Marine x2  
  90  6:16  Supply Depot  
  93  6:24  Command Center  
  93  6:25  Widow Mine  
  95  6:26  Widow Mine  
  95  6:29  Marauder  
  99  6:33  Marine x2  
  99  6:35  SCV, Marauder  
  99  6:37  SCV  
  99  6:38  Supply Depot  
  105  6:40  Medivac  
  105  6:43  Medivac  
  109  6:50  Marauder  
  109  6:51  Marine x2  
  113  6:54  Widow Mine  
  113  6:55  Widow Mine  
  113  7:00  Marauder  
  119  7:07  Barracks  
  119  7:08  Supply Depot x2  
  119  7:09  Barracks  
Tags
 
Add a new tag
Caveats
  • Supply blocks, unpowered buildings, or Contaminate may cause inaccurate times.
  • Supply counts are checked every 10 seconds.